 Dungeon Crawl Stone Soup version bcrawl-1.40.3 (webtiles) character file.

Game seed: 16799571550448059316

230949 Queen the Insei (level 8, -1/67 HPs)
             Began as a Green Draconian Transmuter on Nov 20, 2023.
             Was a Follower of Makhleb.
             Slain by a troll (14 damage)
             ... on level 7 of the Dungeon.
             The game lasted 00:17:34 (5478 turns).

Queen the Insei (Green Draconian Transmuter)        Turns: 5478, Time: 00:17:35

Health: -1/67      AC:  6    Str: 12    XL:     8   Next: 40%
Magic:  14/14      EV: 14    Int: 15    God:    Makhleb [*.....]
Gold:   508        SH:  0    Dex: 13    Spells: 7/15 levels left

rFire    + . .     GDR:     25%   - Fists (9.2)
rCold    + . .     SeeInvis .   (no shield)
rNeg     . . .     Gourm    .   (armour unavailable)
rPois    +         Faith    .   (helmet restricted)
rElec    .         Spirit   .   (no cloak)
rCorr    .         Reflect  .   (no gloves)
MR       .....                  (no boots)
Stlth    +.........             (no amulet)
HPRegen  0.21/turn              y - ring of protection from fire
MPRegen  0.14/turn              t - ring of protection from cold

@: no status effects
A: breathe noxious fumes, unfitting armour, poison resistance, cold-blooded, AC
+6
a: Breathe Noxious Fumes, Minor Destruction, Renounce Religion


You were on level 7 of the Dungeon.
You worshipped Makhleb.
Makhleb was aware of your devotion.
You were not hungry.

You visited 2 branches of the dungeon, and saw 8 of its levels.

You collected 508 gold pieces.

Inventory:

Missiles
 a - 612 arrows
Jewellery
 o - an uncursed ring of see invisible
 t - a ring of protection from cold (right hand)
 w - a +5 ring of dexterity
 y - a ring of protection from fire (left hand)
Wands
 r - a wand of acid (9)
Scrolls
 b - a scroll of enchant weapon
 f - a scroll of amnesia
 g - 3 scrolls of teleportation {@r3}
 h - 3 scrolls of remove curse {@r2}
 i - a scroll of identify {@r1}
 k - a scroll of blinking {unknown}
 l - a scroll of enchant armour {unknown}
 n - a scroll of summoning {unknown}
 q - a scroll of revelation {unknown}
 s - a scroll of immolation {unknown}
 u - a scroll of noise {unknown}
Potions
 c - 2 potions of lignification
 d - a potion of curing {@q1}
 j - a potion of haste
 m - a potion of ambrosia {unknown}
 p - 2 potions of mutation {unknown}
 x - a potion of berserk rage {unknown}
Comestibles
 e - 7 rations {!d}
 v - 2 chunks of flesh


   Skills:
 + Level 4.8 Fighting
 + Level 4.2 Dodging
 + Level 5.2 Unarmed Combat
 + Level 4.4 Spellcasting
 * Level 5.2 Transmutations
 + Level 2.6 Invocations


You had 7 spell levels left.
You knew the following spells:

 Your Spells              Type           Power        Failure   Level  Hunger
p - Passwall              Tmut/Erth      ##......     9%          2    None
q - Beastly Appendage     Tmut           ###...       1%          1    None
s - Sticks to Snakes      Tmut           ###.....     3%          2    None
w - Spider Form           Tmut/Pois      ##.          17%         3    ###....

Your spell library contained the following spells:

 Spells                   Type           Power        Failure   Level  Hunger
 Ice Form                 Ice/Tmut       ##......     50%         4    #####..
 Blade Hands              Tmut           ###.......   50%         5    ######.


Dungeon Overview and Level Annotations

Branches:
Dungeon (7/12)             Temple (1/1) D:5
   Lair: D:7-9

Altars:
Ashenzari
Dithmenos
Elyvilon
Fedhas
Gozag
Hepliaklqana
Kikubaaqudgha
Lugonu
Makhleb
Nemelex Xobeh
Okawaru
Qazlal
Ru
Sif Muna
Trog
Uskayaw
Vehumet
Wu Jian
Yredelemnul
Zin
The Shining One

Shops:
D:4 (   D:5 (


Innate Abilities, Weirdness & Mutations

You can breathe blasts of noxious fumes.
Your lurid green scales are hard. (AC +6)
You cannot fit into any form of body armour.
Your system is resistant to poisons. (rPois)
You are cold-blooded and may be slowed by cold attacks.


Message History

Some of the chunks of flesh in your inventory have rotted away.
There is a stone staircase leading up here.
Things that are here:
a +0 giant club; an ogre corpse
Okay, then.
Evoke which item? (* to show all) (? for menu, Esc to quit)
Okay, then.
Your transformation is almost over.
Your transformation has ended.
The troll bites you!
* * * LOW HITPOINT WARNING * * *
The troll claws you.
* * * LOW HITPOINT WARNING * * *
The troll misses you.
You see here 20 gold pieces.
You see here a ration {!d}.
The troll looks more healthy.
You see here a robe.
The troll bites you!
You die...

#%. .# ..
#.#### .# ...
#....##.##...
##............
#.....$..#
##..#.##%.#
#.....##..#
####.........#
#.@T..#####.##
#)##..#####.#
#.##........#
#.##.....####
#.##........+
#.###....####
#.###...##
#......##
######.#


You could see a troll.

Vanquished Creatures
  Sigmund (D:2)
  An ice beast (D:6)
  A sky beast (D:5)
  3 ogres
  A centaur (D:6)
  2 scorpions
  A howler monkey (D:5)
  2 orc priests
  A crimson imp (D:4)
  A bullfrog zombie (D:5)
  2 jellies (D:5)
  A bullfrog skeleton (D:5)
  2 hounds
  An orc wizard (D:3)
  Jessica (D:2)
  3 worker ants
  A hound zombie (D:5)
  A hound skeleton (D:5)
  A worker ant zombie (D:5)
  4 adders
  3 adder skeletons (D:4)
  An adder zombie (D:6)
  7 worms
  3 dart slugs
  5 leopard geckos
  8 orcs
  2 giant cockroaches
  4 goblins
  11 hobgoblins
  5 jackals
  A quokka (D:6)
  A ball python (D:2)
  2 bats (D:1)
  3 frilled lizards
  5 kobolds
  A quokka skeleton (D:4)
  2 rats
95 creatures vanquished.

Vanquished Creatures (others)
  2 plants (D:2)
2 creatures vanquished.

Grand Total: 97 creatures vanquished

Notes
Turn   | Place    | Note
-------+----------+-------------------------------------------
     0 | D:1      | Queen the Draconian Transmuter began the quest for the Orb.
     0 | D:1      | Reached XP level 1. HP: 16/16 MP: 3/3
   139 | D:1      | Reached XP level 2. HP: 23/23 MP: 3/5
   351 | D:1      | Reached XP level 3. HP: 24/29 MP: 3/6
   611 | D:2      | Noticed Jessica
   620 | D:2      | Killed Jessica
   621 | D:2      | Reached XP level 4. HP: 23/36 MP: 5/7
   640 | D:2      | Noticed Sigmund
   717 | D:2      | Noticed an ogre
   937 | D:2      | Learned a level 2 spell: Sticks to Snakes
   940 | D:2      | Learned a level 2 spell: Passwall
   944 | D:2      | Learned a level 3 spell: Spider Form
  1399 | D:2      | Killed Sigmund
  1400 | D:2      | Reached XP level 5. HP: 28/44 MP: 1/9
  1647 | D:2      | Killed an ogre
  1648 | D:2      | Reached XP level 6. HP: 51/51 MP: 7/10
  2196 | D:3      | Found a burning altar of Makhleb.
  2219 | D:3      | Became a worshipper of Makhleb the Destroyer
  2661 | D:4      | Your scales start taking on a lurid green colour.
  2661 | D:4      | Reached XP level 7. HP: 58/58 MP: 6/12
  2661 | D:4      | Gained mutation: Your system is resistant to poisons.
                  | (rPois) [Green Draconian growth]
  2921 | D:4      | Found Ekysiceywo's Antique Weapon Shoppe.
  3317 | D:4      | Found a sparkling altar of Nemelex Xobeh.
  3317 | D:4      | Found a transporter.
  3444 | D:5      | Entered Level 5 of the Dungeon
  3498 | D:5      | Reached skill level 1 in Invocations
  3699 | D:5      | Found a staircase to the Ecumenical Temple.
  3787 | Temple   | Entered the Ecumenical Temple
  4214 | D:5      | Reached XP level 8. HP: 55/67 MP: 12/14
  4584 | D:5      | Found Tiucwomi's Antique Weapon Shoppe.
  5010 | D:6      | Reached * piety under Makhleb
  5011 | D:6      | Reached skill level 5 in Unarmed Combat
  5019 | D:6      | Reached skill level 5 in Transmutations
  5435 | D:7      | Noticed a troll
  5478 | D:7      | Slain by a troll

Skill      XL: |  1  2  3  4  5  6  7  8 |
---------------+-------------------------+-----
Dodging        | 2 3 4 |  4.2
Fighting       | 2 3 4 |  4.8
Spellcasting   | 3 4 |  4.4
Transmutations | 3 4 5 |  5.2
Unarmed Combat | 4 5 |  5.2
Invocations    | 1 2 |  2.6

Action                   |  1- 3 |  4- 6 |  7- 9 || total
-------------------------+-------+-------+-------++-------
Melee: Unarmed           |    77 |   108 |   150 ||   335
       Headbutt          |     8 |     9 |     9 ||    26
       Tailslap          |     8 |     6 |    19 ||    33
       Kick              |     2 |     4 |    15 ||    21
       Punch             |     1 |       |     3 ||     4
 Cast: Beastly Appendage |    17 |    19 |    20 ||    56
       Spider Form       |       |     5 |     6 ||    11
 Abil: Breathe Noxious F |       |       |     5 ||     5
  Use: Scroll            |     1 |     1 |     5 ||     7
 Stab: Sleeping          |     1 |     1 |     1 ||     3
       Confused          |       |       |     6 ||     6
  Eat: Chunk             |     1 |    11 |     7 ||    19
       Ration            |       |       |     2 ||     2
Armor: Skin              |    13 |    16 |    21 ||    50
Dodge: Dodged            |    44 |    69 |    74 ||   187
